 Dungeon Crawl Stone Soup version 0.26-a0-672-g1df16c3386 (webtiles) character file.

Game seed: 4969194009430105261

49 strifetoe the Conjurer (level 3, 0/27 HPs)
             Began as a Palentonga Hedge Wizard on Oct 19, 2020.
             Slain by a worm (5 damage)
             ... on level 2 of the Dungeon.
             The game lasted 00:02:07 (2061 turns).

strifetoe the Conjurer (Palentonga Hedge Wizard)    Turns: 2061, Time: 00:02:07

Health: 0/27       AC:  4    Str: 14    XL:     3   Next: 53%
Magic:  0/7        EV: 10    Int: 14    God:
Gold:   50         SH:  0    Dex:  9    Spells: 7/8 levels left

rFire    . . .     SeeInvis +   f - +0 short sword
rCold    . . .     Faith    .   (no shield)
rNeg     . . .     Spirit   .   b - +0 robe
rPois    .         Reflect  .   c - +0 hat
rElec    .         Harm     .   (no cloak)
rCorr    .         Rampage  .   (no gloves)
MR       .....                  (no barding)
Stlth    +.........             (no amulet)
HPRegen  0.09/turn              (no ring)
MPRegen  0.10/turn              (no ring)

@: no status effects
A: large, rugged brown scales 3, see invisible, deformed body, roll, armoured
tail
a: Rolling Charge


You were on level 2 of the Dungeon.
You visited 1 branch of the dungeon, and saw 2 of its levels.

You collected 50 gold pieces.

Inventory:

Hand Weapons
 a - a +0 dagger
 f - a +0 short sword (weapon)
Armour
 b - a +0 robe (worn)
 c - a +0 hat (worn)
Scrolls
 g - a scroll of enchant armour {unknown}
 h - a scroll of random uselessness {unknown}
Potions
 d - a potion of stabbing {unknown}
 e - a potion of curing {unknown}


   Skills:
 - Level 1.5 Dodging
 - Level 1.2 Stealth
 - Level 3.0 Spellcasting
 + Level 3.2 Conjurations
   Level 0.7 Summonings
   Level 1.0 Translocations


You had 7 spell levels left.
You knew the following spells:

 Your Spells              Type           Power        Failure   Level
a - Magic Dart            Conj           ##..         6%          1

Your spell library contained the following spells:

 Spells                   Type           Power        Failure   Level
 Blink                    Tloc           N/A          22%         2
 Call Imp                 Summ           #.......     24%         2
 Slow                     Hex            #.......     32%         2
 Conjure Flame            Conj/Fire      #.......     32%         3
 Mephitic Cloud           Conj/Pois/Air  #.......     38%         3


Dungeon Overview and Level Annotations

Branches:
Dungeon (2/15)

Altars:


Innate Abilities, Weirdness & Mutations

You are completely covered in rugged brown scales. (AC +3, +7% HP)
You have supernaturally acute eyesight. (SInv)
Armour fits poorly on your strangely shaped body.
You can roll at foes to attack.
You have a long armoured tail.


Message History

Aim: a worm (severely wounded)
The magic dart hits the worm.
The worm is severely wounded.
Your magical contamination has completely faded away.
There is an escape hatch in the floor here.
Casting: Magic Dart (safe; 6% risk of failure)
Confirm with . or Enter, or press ? or * to list all spells.
Aiming: Magic Dart (safe; 6% risk of failure)
Press: ? - help, Shift-Dir - straight line, f/p - worm
Aim: a worm (heavily wounded)
The magic dart hits the worm.
The worm is heavily wounded.
Unknown command.
The worm bites you!
* * * LOW HITPOINT WARNING * * *
There is an escape hatch in the floor, spattered with blood here.
You barely miss the worm.
The worm is heavily wounded.
The worm bites you.
You die...

# # ######
################.....
#...@w...........####
##.##################
#.# #.........
#.#########†####>...
#)........#.# #....#
#########.#†# #...(.
####.#'###....#
#..[.....#....#
#........#....#


You could see a worm.

Vanquished Creatures
  2 adders (D:2)
  A dart slug (D:2)
  A giant cockroach (D:1)
  3 goblins (D:2)
  4 hobgoblins
  7 jackals
  5 bats
  3 rats (D:2)
26 creatures vanquished.

Notes
Turn   | Place    | Note
-------+----------+-------------------------------------------
     0 | D:1      | strifetoe the Palentonga Hedge Wizard began the quest for
                  | the Orb.
     0 | D:1      | Reached XP level 1. HP: 14/14 MP: 4/4
    64 | D:1      | Reached skill level 1 in Conjurations
   792 | D:1      | Reached XP level 2. HP: 4/21 MP: 0/6
  1369 | D:2      | Reached XP level 3. HP: 13/27 MP: 0/7
  2061 | D:2      | Slain by a worm

Illustrated notes

Levels and vault maps discovered:
D:1:      dpeg_arrival_lava_temple_mockup, layout_basic, minivault_27
D:2:      layout_basic, chequers_ecumenical_altar_simple_redux,
          grunt_decor_fettered, kennysheep_generic_room_10

Skill      XL: |  1  2  3 |
---------------+----------+-----
Conjurations   | 1 2 3 |  3.2
Dodging        | |  1.5
Stealth        | |  1.2
Spellcasting   | |  3.0
Summonings     | |  0.7
Translocations | |  1.0

Action                   || total
-------------------------++-------
Melee: Dagger            ||    53
       Tailslap          ||     5
       Short sword       ||    36
 Cast: Magic Dart        ||    43
Armor: Robe              ||    43
Dodge: Dodged            ||    53

Table legend: (Time is in decaauts)
 A = Elapsed time spent in this place.
 B = Non-inter-level travel time spent in this place.
 C = Inter-level travel time spent in this place.
 D = Time resting spent in this place.
 E = Time spent auto-exploring this place.
 F = Levels seen in this place.
 G = Mean time per level.
                   A        B        C        D        E       F      G
               +--------+--------+--------+--------+--------+-----+--------+
         Total |   2063 |   2042 |     21 |    390 |   1400 |   2 | 1031.5 |
       Dungeon |   2063 |   2042 |     21 |    390 |   1400 |   2 | 1031.5 |
               +--------+--------+--------+--------+--------+-----+--------+

Top non-repeatable levels by time:
     D:1: 1228 daAuts
     D:2: 835 daAuts
